 Dungeon Crawl Stone Soup version 0.29-a0-925-g0a7a3d12f8 (webtiles) character file.

Game seed: 18431382572447621582

46 manyhoops the Ruffian (level 3, 0/28 HPs)
             Began as a Demigod Transmuter on July 28, 2022.
             Succumbed to an adder's poison
             ... on level 2 of the Dungeon.
             The game lasted 00:02:07 (1485 turns).

manyhoops the Ruffian (Demigod Transmuter)          Turns: 1485, Time: 00:02:08

Health: 0/28       AC:  2    Str: 15    XL:     3   Next: 27%
Magic:  8/8        EV: 12    Int: 15    God:
Gold:   61         SH:  0    Dex: 14    Spells: 4/5 levels left

rFire   . . .      SeeInvis .     - Unarmed
rCold   . . .      Faith    .   (no shield)
rNeg    . . .      Spirit   .   a - +0 robe
rPois   .          Reflect  .   (no helmet)
rElec   .          Harm     .   (no cloak)
rCorr   .          Rampage  .   (no gloves)
Will    .....                   (no boots)
Stlth   +.........              (no amulet)
HPRegen 0.09/turn               (no ring)
MPRegen 0.11/turn               (no ring)

@: lethally poisoned (0 -> -5)
A: high MP 1, forlorn, divine attributes
a: no special abilities


You were on level 2 of the Dungeon.
You visited 1 branch of the dungeon, and saw 2 of its levels.

You collected 61 gold pieces.

Inventory:

Armour
 a - a +0 robe (worn)
Scrolls
 c - a scroll of magic mapping {unknown}
 g - a scroll of teleportation {unknown}
 h - a scroll of noise {unknown}
 i - a scroll of immolation {unknown}
Potions
 b - a potion of lignification
 e - a potion of haste {unknown}
 f - a potion of curing {unknown}


   Skills:
 * Level 1.3 Fighting
 - Level 1.7 Dodging
 + Level 4.0 Unarmed Combat
 - Level 1.7 Spellcasting
 - Level 1.7 Transmutations


You had 4 spell levels left.
You knew the following spells:

 Your Spells              Type           Power      Damage    Failure   Level
a - Beastly Appendage     Tmut           12%        N/A       11%         1

Your spell library contained the following spells:

 Spells                   Type           Power      Damage    Failure   Level
 Wereblood                Tmut           6%         N/A       17%         2
 Spider Form              Tmut/Pois      3%         N/A       43%         3
 Dazzling Flash           Conj/Hex       2%         N/A       56%         3
 Ice Form                 Ice/Tmut       3%         N/A       85%         4
 Iskenderun's Mystic Bla  Conj/Tloc      1%         2d3       92%         4
 Starburst                Conj/Fire      0%         6d3       100%        6


Dungeon Overview and Level Annotations

Branches:
Dungeon (2/15)


Innate Abilities, Weirdness & Mutations

You have an increased reservoir of magic. (+10% MP)
You shall have no god before yourself.
Your divine heritage dramatically boosts your attributes as you level up.


Message History

An adder is nearby!
An adder is nearby!
An adder is nearby!
An adder is nearby!
You are too injured to fight recklessly!
Casting: Beastly Appendage (safe; 11% risk of failure)
Confirm with . or Enter, or press ? or * to list all spells.
You grow a pair of large bovine horns.
Your feet morph into talons.
The adder hisses angrily.
You are too injured to fight recklessly!
Your transformation is almost over.
You see here a rat corpse.
You closely miss the adder. The adder bites you.
You hit the adder but do no damage. The adder barely misses you.
You miss the adder. Your kick misses the adder. The adder misses you.
Okay, then.
You barely miss the adder. Your kick misses the adder.
Your headbutt misses the adder. The adder barely misses you.
You closely miss the adder. Your headbutt misses the adder.
The adder barely misses you. x2
You hit the adder. Your kick misses the adder. Your headbutt misses the adder.
The adder is moderately wounded.
The adder bites you but does no damage.
You hit the adder. Your kick misses the adder.
The adder is almost dead.
The adder barely misses you.
You hit the adder but do no damage.
The adder is almost dead.
The adder bites you.
* * * LOW HITPOINT WARNING * * *
You miss the adder.
The adder is almost dead.
The adder bites you.
* * * LOW HITPOINT WARNING * * *
You are lethally poisoned!
The adder poisons you!
You miss the adder. Your kick misses the adder. You headbutt the adder.
You kill the adder!
Your horns disappear.
Your talons disappear.
You die...

.! #. ##. #.. #..
. #.. #
...##..#######.#
!.......†@.....#.
..................
...#####..........
# #.#########
.######.########
................
#######..######
#............#
#.#####..###.#


There were no monsters in sight!

Vanquished Creatures
  3 adders (D:2)
  A dart slug (D:1)
  3 endoplasms (D:1)
  2 giant cockroaches (D:1)
  2 goblins (D:1)
  3 hobgoblins (D:1)
  A kobold (D:1)
  2 quokkas (D:1)
  3 ball pythons (D:1)
  2 bats (D:1)
  3 frilled lizards
  3 rats
28 creatures vanquished.

Notes
Turn   | Place    | Note
-------+----------+-------------------------------------------
     0 | D:1      | manyhoops the Demigod Transmuter began the quest for the
                  | Orb.
     0 | D:1      | Reached XP level 1. HP: 15/15 MP: 5/5
    84 | D:1      | Reached skill level 3 in Unarmed Combat
   195 | D:1      | Reached XP level 2. HP: 20/22 MP: 7/7
   817 | D:1      | Reached skill level 1 in Fighting
  1235 | D:2      | Reached XP level 3. HP: 15/28 MP: 8/8
  1402 | D:2      | Reached skill level 4 in Unarmed Combat
  1485 | D:2      | Succumbed to an adder's poison

Illustrated notes

Levels and vault maps discovered:
D:1:      eino_arrival_water_star, layout_basic,
          hellmonk_ecumenical_altar_lost_god
D:2:      layout_loops_ring

Skill      XL: |  1  2  3 |
---------------+----------+-----
Unarmed Combat | 3 4 |  4.0
Fighting       | 1 |  1.3
Dodging        | |  1.7
Spellcasting   | |  1.7
Transmutations | |  1.7

Action                   || total
-------------------------++-------
Melee: Unarmed           ||    97
       Headbutt          ||    11
       Kick              ||    13
       Punch             ||     2
 Cast: Beastly Appendage ||    17
  Use: Potion            ||     1
 Stab: Sleeping          ||     2
Armor: Robe              ||    19
Dodge: Dodged            ||    63

Table legend: (Time is in decaauts)
 A = Elapsed time spent in this place.
 B = Non-inter-level travel time spent in this place.
 C = Inter-level travel time spent in this place.
 D = Time resting spent in this place.
 E = Time spent auto-exploring this place.
 F = Levels seen in this place.
 G = Mean time per level.
                   A        B        C        D        E       F      G
               +--------+--------+--------+--------+--------+-----+--------+
         Total |   1480 |   1461 |     19 |      0 |   1209 |   2 |  740.0 |
       Dungeon |   1480 |   1461 |     19 |      0 |   1209 |   2 |  740.0 |
               +--------+--------+--------+--------+--------+-----+--------+

Top non-repeatable levels by time:
     D:1: 1194 daAuts
     D:2: 285 daAuts
